 Dungeon Crawl Stone Soup version 0.24.0-123-gd5b16e6ec5 (webtiles) character file.

Game seed: 631570008511255190, levelgen mode: deterministic

40524 Johnny the Geomancer (level 13, -2/86 HPs)
             Began as a Demigod Earth Elementalist on Feb 1, 2020.
             Slain by a komodo dragon (19 damage)
             ... on level 5 of the Lair of Beasts.
             The game lasted 00:26:05 (18221 turns).

Johnny the Geomancer (Demigod Earth Elementalist)  Turns: 18221, Time: 00:26:05

Health: -2/86      AC: 15    Str: 11    XL:     13   Next: 40%
Magic:  30/37      EV: 12    Int: 30    God:
Gold:   706        SH:  7    Dex: 18    Spells: 22/37 levels left

rFire    + . .     SeeInvis .   q - +6 spear (venom)
rCold    + . .     Gourm    .   z - +0 buckler
rNeg     + . .     Faith    .   A - +3 ring mail of Baldness {rPois}
rPois    +         Spirit   .   I - +2 hat {Int+3}
rElec    .         Reflect  .   a - scarf {repulsion}
rCorr    .         Harm     +   n - +0 pair of gloves
MR       +....                  O - +1 pair of boots of Impatience {rN+ Stlth+}
Stlth    ++........             H - amulet of harm
HPRegen  0.64/turn              t - ring of Gozag's Hope {rF+ rC+ EV+1 Dex+2}
MPRegen  0.25/turn              g - +3 ring of slaying

@: repel missiles
A: talons 2, molten scales 1, high mp 2, regeneration 1, MP-powered wands
a: no special abilities


You were on level 5 of the Lair of Beasts.
You were not hungry.

You visited 2 branches of the dungeon, and saw 15 of its levels.
You also visited: Sewer.

You collected 1016 gold pieces.
You spent 310 gold pieces at shops.

Inventory:

Hand Weapons
 q - a +6 spear of venom (weapon)
Missiles
 b - 511 stones (quivered)
Armour
 a - a scarf of repulsion (worn)
 c - a +0 robe
 n - a +0 pair of gloves (worn)
 z - a +0 buckler (worn)
 A - the +3 ring mail of Baldness (worn) {rPois}
   (You found it on level 3 of the Lair of Beasts)

   It protects you from poison.
 I - a +2 hat of intelligence (worn)
 O - the +1 pair of boots of Impatience (worn) {rN+ Stlth+}
   (You found it on level 2 of the Lair of Beasts)

   It protects you from negative energy.
   It makes you more stealthy.
Magical Staves
 J - a cursed staff of summoning {unknown}
Jewellery
 g - a +3 ring of slaying (right hand)
 t - the ring of Gozag's Hope (left hand) {rF+ rC+ EV+1 Dex+2}
   (You found it on level 3 of the Lair of Beasts)

   [ring of evasion]

   It affects your evasion (+1).
   It affects your dexterity (+2).
   It protects you from fire.
   It protects you from cold.
 H - an amulet of harm (around neck)
 K - an uncursed ring of protection from magic {unknown}
 S - a cursed ring of attention {unknown}
Wands
 o - a wand of paralysis (9)
 G - a wand of iceblast (9)
 Q - a wand of flame (17)
Scrolls
 e - 6 scrolls of fear
 h - 4 scrolls of amnesia
 i - 8 scrolls of teleportation
 j - a scroll of immolation
 k - 4 scrolls of magic mapping
 r - 2 scrolls of fog
 v - 10 scrolls of remove curse
 w - 2 scrolls of noise
 B - 3 scrolls of blinking
 D - 3 scrolls of enchant armour
 N - a scroll of vulnerability {unknown}
Potions
 f - 7 potions of might
 l - 5 potions of curing
 m - 4 potions of lignification
 p - a potion of heal wounds {unknown}
 s - a potion of haste
 u - 2 potions of resistance
 x - a potion of invisibility
 C - a potion of berserk rage {unknown}
 E - a potion of flight
 F - a potion of ambrosia {unknown}
 L - 2 potions of mutation
 M - a potion of agility {unknown}
Miscellaneous
 y - a phial of floods
 P - a sack of spiders
Comestibles
 d - 40 rations


   Skills:
 - Level 1.7 Dodging
 - Level 1.7 Stealth
 - Level 10.7 Shields
 + Level 12.5 Spellcasting
 - Level 0.8 Transmutations
 + Level 13.6 Earth Magic


You had 22 spell levels left.
You knew the following spells:

 Your Spells              Type           Power        Failure   Level  Hunger
a - Sandblast             Erth           ######       1%          1    None
b - Stone Arrow           Conj/Erth      ######       1%          3    None
c - Lee's Rapid Deconstr  Erth           #######...   1%          5    ##.....
d - Petrify               Tmut/Erth      ######..     3%          4    None
e - Blink                 Tloc           N/A          10%         2    None

Your spell library contained the following spells:

 Spells                   Type           Power        Failure   Level  Hunger
 Passwall                 Tmut/Erth      ######..     1%          2    None
 Leda's Liquefaction      Hex/Erth       ######....   4%          4    None
 Corona                   Hex            ###....      7%          1    None
 Magic Dart               Conj           ###.         7%          1    None
 Summon Small Mammal      Summ           ###.         7%          1    None
 Call Imp                 Summ           ###.....     10%         2    None
 Searing Ray              Conj           ###...       10%         2    None
 Slow                     Hex            ###.....     10%         2    None
 Call Canine Familiar     Summ           ###.....     21%         3    None
 Conjure Flame            Conj/Fire      ###.....     21%         3    None
 Dazzling Spray           Conj/Hex       ###...       21%         3    None
 Inner Flame              Hex/Fire       ###.....     21%         3    None
 Mephitic Cloud           Conj/Pois/Air  ###.....     21%         3    None
 Portal Projectile        Hex/Tloc       ###...       21%         3    None
 Recall                   Summ/Tloc      N/A          21%         3    None
 Summon Guardian Golem    Hex/Summ       ###.....     21%         3    None
 Cause Fear               Hex            ###.......   54%         4    None
 Force Lance              Conj/Tloc      ###.....     54%         4    None
 Fulminant Prism          Conj/Hex       ###.......   54%         4    None
 Iskenderun's Mystic Bla  Conj           ###.....     54%         4    None
 Summon Ice Beast         Ice/Summ       ###.....     54%         4    None
 Summon Lightning Spire   Summ/Air       ###.....     54%         4    None
 Aura of Abjuration       Summ           ###.......   88%         5    ##.....
 Summon Demon             Summ           ###.......   88%         5    ##.....
 Summon Forest            Summ/Tloc      ###.......   88%         5    ##.....
 Summon Mana Viper        Hex/Summ       ###.....     88%         5    ##.....
 Shadow Creatures         Summ           N/A          100%        6    ####...


Dungeon Overview and Level Annotations

Branches:
Dungeon (10/15)            Temple (0/1) D:7            Lair (5/6) D:8
  Swamp (0/4) Lair:4        Snake (0/4) Lair:3          Orc (0/2) D:9
  Sewer (visited)
  Slime: Lair:5-6

Shops:
D:5 [   D:6 *   D:7 (

Annotations:
Lair:5 1 runed translucent door


Innate Abilities, Weirdness & Mutations

You have a considerably increased reservoir of magic. (+20% MP)
You have razor-sharp toenails.
You are partially covered in molten scales. (AC +2)
Your natural rate of healing is unusually fast.
You expend magic power (3 MP) to strengthen your wands.


Message History

Confirm with . or Enter, or press ? or * to list all spells.
Aiming: Sandblast (safe; 1% risk of failure)
Press: ? - help, Shift-Dir - straight line, f/p - komodo dragon
Aim: a komodo dragon (severely wounded)
The blast of sand hits the komodo dragon!
The komodo dragon is almost dead.
b - 512 stones The komodo dragon bites you!
The blink frog hits you!
* * * LOW HITPOINT WARNING * * *
The blink frog blinks!
Casting: Sandblast (safe; 1% risk of failure)
Confirm with . or Enter, or press ? or * to list all spells.
Aiming: Sandblast (safe; 1% risk of failure)
Press: ? - help, Shift-Dir - straight line, f/p - komodo dragon
Aim: a komodo dragon (almost dead)
The blast of sand hits the komodo dragon.
The komodo dragon is almost dead.
b - 511 stones The komodo dragon bites you!
You die...

.##....#.. #.P...#.. .
.... ......... .# #....
....... .##.. #.###.....
.##... ..... ..#......
..###. ##... ........#
8..## .....###......##
....## ##......§PlF....#
.....###...##...@.......
#..........#............
..#...8...##............
........................
..#.8...8..##....P#....#
..#.......#.#......#....
#.....8...##............
##..........#...........
##...###.....#........


You could see a komodo dragon and a blink frog.

Vanquished Creatures
  Gastronok (Lair:1)
  3 entropy weavers (Lair:4)
  5 hydras
  2 ghost crabs (Lair:4)
  Erica (D:9)
  2 two-headed ogres
  A death yak (Lair:2)
  5 fire crabs (Lair:4)
  A skeletal warrior (D:9)
  4 oklob plants (Lair:3)
  4 black mambas
  An apocalypse crab (Lair:4)
  8 spiny frogs
  11 komodo dragons
  3 rime drakes
  A polar bear (Lair:5)
  A queen bee (shapeshifter) (D:9)
  2 trolls
  11 blink frogs
  Prince Ribbit (D:8)
  6 hippogriffs
  7 yaks
  4 basilisks
  A hungry ghost (D:8)
  A steam dragon (Lair:2)
  3 swamp worms (Lair:4)
  5 nagas (Lair:3)
  17 water moccasins
  10 porcupines
  An ice beast (D:6)
  8 orc warriors
  A sky beast (D:6)
  A black bear (D:7)
  6 ogres
  9 wolves
  5 centaurs
  12 crocodiles
  4 big kobolds
  Blork the orc (D:5)
  10 bullfrogs
  2 scorpions
  A water moccasin skeleton (D:6)
  9 killer bees
  A wight (D:9)
  A howler monkey (D:6)
  2 electric eels (D:9)
  6 crimson imps
  2 bullfrog zombies
  A quasit (D:7)
  2 centaur skeletons (D:4)
  A centaur zombie (D:5)
  2 hounds
  7 orc priests
  A jelly (D:6)
  12 orc wizards
  Jessica (D:2)
  4 iguanas
  7 worker ants
  A worker ant zombie (D:6)
  Robin (D:2)
  14 adders
  A gnoll (D:5)
  A shadow imp (D:9)
  2 oozes (D:3)
  An adder zombie (D:9)
  3 worms
  2 dart slugs
  8 leopard geckos
  56 orcs
  5 ball pythons
  6 bats
  7 giant cockroaches
  14 goblins
  14 hobgoblins
  18 jackals
  3 quokkas
  7 frilled lizards
  69 kobolds
  A quokka skeleton (D:4)
  A quokka zombie (D:5)
  4 rats
  A fungus (Lair:5)
  3 plants (Lair:3)
485 creatures vanquished.

Vanquished Creatures (others)
  A killer bee (D:10)
  An orc wizard (D:9)
  2 fungi
  2 plants
6 creatures vanquished.

Grand Total: 491 creatures vanquished

Notes
Turn   | Place    | Note
-------+----------+-------------------------------------------
     0 | D:1      | Johnny the Demigod Earth Elementalist began the quest for
                  | the Orb.
     0 | D:1      | Reached XP level 1. HP: 14/14 MP: 5/5
   579 | D:1      | Reached skill level 3 in Earth Magic
   730 | D:1      | Reached XP level 2. HP: 17/20 MP: 4/7
  1215 | D:2      | Reached XP level 3. HP: 26/26 MP: 4/9
  1883 | D:2      | Reached XP level 4. HP: 29/33 MP: 8/11
  2102 | D:2      | Noticed Jessica
  2155 | D:2      | Killed Jessica
  2155 | D:2      | Reached skill level 4 in Earth Magic
  2540 | D:2      | Noticed a sky beast
  2540 | D:2      | Noticed a sky beast
  2681 | D:2      | Noticed Robin
  2684 | D:2      | Killed Robin
  2684 | D:2      | Reached XP level 5. HP: 36/38 MP: 0/13
  2764 | D:3      | Found a glowing drain.
  2768 | Sewer    | Entered a sewer
  3819 | D:3      | Found a sparkling altar of Nemelex Xobeh.
  3974 | D:4      | Noticed an ogre
  3987 | D:4      | Killed an ogre
  3987 | D:4      | Reached skill level 5 in Earth Magic
  3987 | D:4      | Reached XP level 6. HP: 33/45 MP: 9/15
  4068 | D:4      | Learned a level 3 spell: Stone Arrow
  4074 | D:4      | Learned a level 5 spell: Lee's Rapid Deconstruction
  4079 | D:4      | Learned a level 4 spell: Petrify
  4681 | D:5      | Entered Level 5 of the Dungeon
  4685 | D:5      | Found a runed translucent door.
  4812 | D:5      | Found Kiorgh's Antique Armour Shop.
  4826 | D:5      | Bought a buckler for 76 gold pieces
  5105 | D:5      | Reached XP level 7. HP: 32/50 MP: 7/17
  5591 | D:5      | Noticed Blork the orc
  5603 | D:5      | Killed Blork the orc
  5603 | D:5      | Reached skill level 1 in Shields
  5603 | D:5      | Reached skill level 5 in Spellcasting
  5643 | D:5      | Reached skill level 6 in Earth Magic
  5864 | D:5      | Gained mutation: You have a beak for a mouth. [potion of
                  | mutation]
  5864 | D:5      | Gained mutation: You are weak. (Str -2) [potion of
                  | mutation]
  5864 | D:5      | Gained mutation: You expend magic power (3 MP) to
                  | strengthen your wands. [potion of mutation]
  5864 | D:5      | Gained mutation: You have a considerably increased
                  | reservoir of magic. (+20% MP) [potion of mutation]
  5872 | D:5      | Lost mutation: You are weak. (Str -2) [potion of mutation]
  5872 | D:5      | Lost mutation: You expend magic power (3 MP) to strengthen
                  | your wands. [potion of mutation]
  5872 | D:5      | Gained mutation: Your body sometimes deteriorates upon
                  | taking damage. [potion of mutation]
  5872 | D:5      | Gained mutation: You have sharp toenails. [potion of
                  | mutation]
  6306 | D:5      | Reached XP level 8. HP: 14/57 MP: 3/21
  6602 | D:5      | Found a roughly hewn altar of Beogh.
  6642 | D:6      | Found a shimmering blue altar of Sif Muna.
  6686 | D:6      | Found Exzaoj's General Store.
  6710 | D:6      | Bought a scroll of enchant weapon for 90 gold pieces
  6710 | D:6      | Bought a scroll of blinking for 90 gold pieces
  6710 | D:6      | Bought a +0 pair of boots for 54 gold pieces
  6854 | D:6      | Reached skill level 7 in Earth Magic
  7117 | D:6      | Found a bloodstained altar of Trog.
  7964 | D:7      | Reached XP level 9. HP: 46/62 MP: 23/25
  8012 | D:7      | Found a staircase to the Ecumenical Temple.
  8016 | D:7      | Reached skill level 5 in Shields
  8261 | D:7      | Reached skill level 8 in Earth Magic
  8466 | D:7      | Found Jeaguruh's Antique Weapon Emporium.
  8722 | D:8      | Noticed Prince Ribbit
  8728 | D:8      | Killed Prince Ribbit
  9485 | D:8      | Found a staircase to the Lair.
  9632 | D:8      | Noticed a two-headed ogre
  9638 | D:8      | HP: 2/62 [two-headed ogre/+0 giant club (25)]
  9639 | D:8      | Killed a two-headed ogre
  9639 | D:8      | Reached XP level 10. HP: 2/69 MP: 11/28
 10268 | D:8      | Reached skill level 9 in Earth Magic
 10373 | D:9      | Noticed Erica
 10383 | D:9      | Killed Erica
 10635 | D:9      | Found a blossoming altar of Fedhas.
 11369 | D:9      | Found a staircase to the Orcish Mines.
 11511 | D:9      | Noticed a skeletal warrior
 11523 | D:9      | Killed a skeletal warrior
 11533 | D:9      | Noticed a two-headed ogre
 11535 | D:9      | Killed a two-headed ogre
 11535 | D:9      | Reached skill level 10 in Earth Magic
 11824 | D:10     | Entered Level 10 of the Dungeon
 11846 | D:10     | Noticed a two-headed ogre
 12288 | Lair:1   | Entered Level 1 of the Lair of Beasts
 12295 | Lair:1   | Reached XP level 11. HP: 74/74 MP: 18/31
 12311 | Lair:1   | Noticed Gastronok
 12594 | Lair:1   | Killed Gastronok
 13219 | Lair:2   | Lost mutation: You have a beak for a mouth. [potion of
                  | mutation]
 13219 | Lair:2   | Lost mutation: Your body sometimes deteriorates upon taking
                  | damage. [potion of mutation]
 13219 | Lair:2   | Gained mutation: You are partially covered in molten
                  | scales. (AC +2) [potion of mutation]
 13219 | Lair:2   | Gained mutation: You expend magic power (3 MP) to
                  | strengthen your wands. [potion of mutation]
 13219 | Lair:2   | Gained mutation: You have razor-sharp toenails. [potion of
                  | mutation]
 13219 | Lair:2   | Gained mutation: Your natural rate of healing is unusually
                  | fast. [potion of mutation]
 13591 | Lair:2   | Noticed an eight-headed hydra
 13595 | Lair:2   | Killed an eight-headed hydra
 13603 | Lair:2   | Noticed a five-headed hydra
 13613 | Lair:2   | Reached skill level 10 in Spellcasting
 13615 | Lair:2   | Killed a five-headed hydra
 13615 | Lair:2   | Reached skill level 11 in Earth Magic
 13715 | Lair:2   | Noticed an eight-headed hydra
 13718 | Lair:2   | Killed an eight-headed hydra
 13734 | Lair:2   | Learned a level 2 spell: Blink
 13751 | Lair:2   | Noticed a death yak
 13761 | Lair:2   | Killed a death yak
 13929 | Lair:2   | Reached skill level 10 in Shields
 14161 | Lair:2   | Reached XP level 12. HP: 39/81 MP: 29/33
 14169 | Lair:2   | Got a pair of slimy boots
 14238 | Lair:2   | Identified the +1 pair of boots of Impatience {rN+ Stlth+}
                  | (You found it on level 2 of the Lair of Beasts)
 15185 | Lair:3   | Got a transparent pewter ring
 15190 | Lair:3   | Got a faintly humming ring mail
 15214 | Lair:3   | Identified the +3 ring mail of Baldness {rPois} (You found
                  | it on level 3 of the Lair of Beasts)
 15215 | Lair:3   | Identified the ring of Gozag's Hope {rF+ rC+ EV+1 Dex+2}
                  | (You found it on level 3 of the Lair of Beasts)
 15404 | Lair:3   | Found a staircase to the Snake Pit.
 15644 | Lair:3   | Reached skill level 12 in Earth Magic
 16012 | Lair:4   | Noticed a seven-headed hydra
 16094 | Lair:4   | Found a runed translucent door.
 16168 | Lair:4   | Killed a seven-headed hydra
 16334 | Lair:4   | Noticed an eight-headed hydra
 16340 | Lair:4   | Killed an eight-headed hydra
 16563 | Lair:4   | Found a staircase to the Swamp.
 17182 | Lair:4   | Noticed an entropy weaver
 17186 | Lair:4   | Killed an entropy weaver
 17186 | Lair:4   | Reached XP level 13. HP: 60/86 MP: 0/36
 17442 | Lair:4   | Reached skill level 13 in Earth Magic
 17537 | Lair:4   | Noticed an entropy weaver
 17541 | Lair:4   | Killed an entropy weaver
 17652 | Lair:4   | Noticed an entropy weaver
 17656 | Lair:4   | Killed an entropy weaver
 18136 | Lair:5   | Found a runed translucent door.
 18137 | Lair:5   | Found a viscous altar of Jiyva.
 18137 | Lair:5   | Noticed an acid blob
 18221 | Lair:5   | Slain by a komodo dragon

Levels and vault maps discovered:
D:1:      sevenhm_arrival_forest_fort_small_4, layout_loops_ring,
          minmay_strange_pillars
D:2:      minmay_general_purpose_star, layout_loops_ring,
          lightli_corner_chamber, uniq_robin, uniq_jessica
D:3:      layout_basic, gup_sewer_entry_bowl, first_ration,
          minmay_misc_feat_hallway, chequers_serial_rivers_micro_b,
          nemelex_dance_club_becter
D:4:      layout_basic
D:5:      minmay_goblin_kobold_castle, layout_cave_pools, serial_shops, shop,
          minmay_misc_feat_plants, lightli_church_of_beogh, uniq_blork_the_orc
D:6:      layout_loops_ring, serial_shops, shop, basic_altar,
          corexii_hall_statues_i, trog_three_pillars_becter
D:7:      layout_loops_ring, minmay_temple_entry_nine_rooms, serial_shops,
          nicolae_shop_crystal
D:8:      layout_layer_cave, lair_entry_dummy, uniq_prince_ribbit1
D:9:      layout_roguey, fedhas_altar_1, erik_orc_2, grunt_ogre_cave,
          minmay_fractal_squares_gapless_7, uniq_erica
D:10:     layout_rooms, serial_glass, glass_columns_b, glass_columns_a,
          glass_columns_a, glass_columns_b, glass_columns_a, glass_columns_a,
          glass_columns_a, glass_columns_a, statue_in_the_mist_lemuel,
          minivault_16
Lair:1:   layout_long_grid, uniq_gastronok
Lair:2:   layout_gridlike, nzn_random_ring, grunt_megastairs_5,
          lemuel_fruit_fields, lemuel_fruit_tree
Lair:3:   layout_cave_pods, minmay_snake_entry_guardpost_medium,
          minmay_lair_oklob_chamber, grunt_megastairs_2, serial_bayou_shore_b
Lair:4:   gammafunk_mikee_crab_dinner, layout_cave_pods,
          minmay_swamp_entry_worms, st_stairs_12
Lair:5:   layout_gridlike, slime_altar_2, serial_bayou_shore_b,
          grunt_megastairs_4

Skill      XL: |  1  2  3  4  5  6  7  8  9 10 11 12 13 |
---------------+----------------------------------------+-----
Spellcasting   | 2 3 4 5 6 8 9 10 11 12 | 12.5
Earth Magic    | 3 4 5 6 7 8 10 11 12 13 | 13.6
Shields        | 2 4 6 8 10 | 10.7
Dodging        | |  1.7
Stealth        | |  1.7
Transmutations | |  0.8

Action                   |  1- 3 |  4- 6 |  7- 9 | 10-12 | 13-15 || total
-------------------------+-------+-------+-------+-------+-------++-------
Melee: Unarmed           |    40 |     7 |       |       |       ||    47
       Club              |       |    16 |       |       |       ||    16
       Spear             |       |   137 |   234 |   184 |    21 ||   576
       Kick              |       |       |     8 |       |       ||     8
       Peck              |       |       |    22 |     7 |       ||    29
Throw: Stone             |       |       |     3 |     1 |       ||     4
 Cast: Sandblast         |    67 |    54 |    63 |   101 |    40 ||   325
       Stone Arrow       |       |     8 |    18 |    59 |     3 ||    88
       Lee's Rapid Decon |       |       |    26 |    88 |    28 ||   142
       Petrify           |       |       |       |    10 |       ||    10
Evoke: Wand              |       |       |    14 |    27 |       ||    41
  Use: Potion            |       |       |     4 |     3 |       ||     7
       Scroll            |       |       |    17 |     3 |     1 ||    21
 Stab: Sleeping          |     2 |     8 |     8 |     8 |       ||    26
       Paralysed         |       |       |     6 |       |       ||     6
       Distracted        |       |       |     1 |     3 |       ||     4
  Eat: Chunk             |     3 |    10 |    14 |    22 |     4 ||    53
       Ration            |       |       |     3 |     4 |       ||     7
Armor: Robe              |    10 |    24 |    38 |    24 |       ||    96
       Ring mail         |       |       |       |    53 |    17 ||    70
Dodge: Dodged            |    44 |    91 |   205 |   119 |    16 ||   475
       Deflected         |     5 |     2 |     6 |     7 |       ||    20
Block: Buckler           |       |       |    31 |    90 |    16 ||   137
